 Dungeon Crawl Stone Soup version 0.20.0-8-g6b59dc7 (webtiles) character file.

5240 ChaseSP the Cleaver (level 10, -27/86 HPs)
             Began as a Deep Dwarf Fighter on June 2, 2017.
             Was an Elder of Makhleb.
             Annihilated by a white ugly thing (48 damage)
             ... on level 9 of the Dungeon.
             The game lasted 00:19:10 (7222 turns).

ChaseSP the Cleaver (Deep Dwarf Fighter)            Turns: 7222, Time: 00:19:11

Health: -27/86     AC: 16    Str: 20    XL:     10   Next: 35%
Magic:  11/11      EV:  8    Int:  9    God:    Makhleb [****..]
Gold:   459        SH:  5    Dex: 15    Spells: 9/9 levels left

rFire    + . .     SeeInvis +   x - +0 battleaxe
rCold    x . .     Gourm    .   (shield currently unavailable)
rNeg     . . .     Faith    .   m - +0 plate armour
rPois    .         Spirit   .   h - +1 helmet
rElec    .         Reflect  +   r - +1 cloak {+Inv}
rCorr    .         Harm     .   (no gloves)
MR       +....                  (no boots)
Stlth    ..........             M - +5 amulet of reflection
Regen    0.0/turn               Q - ring of see invisible
MPRegen  0.2/turn               Z - ring of fire

@: non-regenerating
A: damage resistance, heal wounds, talons 1, sense surroundings 2, no
regeneration
a: Heal Wounds, Minor Destruction, Lesser Servant of Makhleb, Major Destruction,
Renounce Religion, Evoke Invisibility


You were on level 9 of the Dungeon.
You worshipped Makhleb.
Makhleb was greatly pleased with you.
You were not hungry.

You visited 1 branch of the dungeon, and saw 9 of its levels.
You also visited: Ossuary.

You collected 524 gold pieces.
You spent 65 gold pieces at shops.

Inventory:

Hand Weapons
 x - a +0 battleaxe (weapon)
 E - a +0 dire flail of protection
 J - a +1 hand crossbow of freezing
 W - a +2 great mace of draining
Missiles
 e - 130 bolts
Armour
 c - a +0 shield
 d - a +0 chain mail
 h - a +1 helmet (worn)
 m - a +0 plate armour (worn)
 r - a +1 cloak of invisibility (worn)
 F - a +0 ring mail of cold resistance
Jewellery
 l - an uncursed amulet of rage
 M - a +5 amulet of reflection (around neck)
 O - an uncursed ring of magical power
 Q - a ring of see invisible (left hand)
 S - an uncursed amulet of magic regeneration
 Z - a ring of fire (right hand)
Wands
 b - a wand of random effects (31/48)
 o - a wand of polymorph (6/24)
 D - a wand of flame (19/48)
 G - a wand of acid (7/15)
 H - a wand of confusion (34/48)
 P - a wand of disintegration (7/24)
 X - a wand of paralysis (9/24)
Scrolls
 g - a scroll of random uselessness
 q - a scroll of noise {unknown}
 t - 4 scrolls of remove curse
 v - a scroll of enchant armour {unknown}
 w - 7 scrolls of identify
 y - 7 scrolls of teleportation
 C - a scroll of enchant weapon {unknown}
 I - a scroll of immolation {unknown}
 K - a scroll of recharging
 V - a scroll of fog {unknown}
 Y - a scroll of fear {unknown}
Potions
 i - a potion of curing
 j - a potion of flight
 p - 4 potions of magic
 s - a potion of agility
 u - 2 potions of haste
 z - 2 potions of mutation
 A - a potion of cancellation {unknown}
 B - a potion of ambrosia {unknown}
 L - 5 potions of heal wounds
 N - 2 potions of might
 T - 2 potions of berserk rage
 U - a potion of lignification {unknown}
Comestibles
 f - 7 bread rations
 k - 4 chunks of flesh
 n - 4 meat rations
 R - a royal jelly


   Skills:
 + Level 4.2 Fighting
 * Level 14.1 Axes
 - Level 0.2 Crossbows
 - Level 5.0 Armour
 + Level 4.2 Dodging
 - Level 3.2 Shields
 + Level 5.1 Invocations


You had 9 spell levels left.
You didn't know any spells.

Dungeon Overview and Level Annotations

Branches:
Dungeon (9/15)             Temple (0/1) D:6            Lair (0/6) D:8
    Orc: D:9-12

Altars:
Dithmenos
Elyvilon
Kikubaaqudgha
Makhleb
Qazlal
Sif Muna
Xom

Shops:
D:9 !!


Innate Abilities, Weirdness & Mutations

You are resistant to damage.
You can heal yourself by infusing magical energy.
You passively map the area around you.
You do not regenerate.
You have sharp toenails.


Message History

The white ugly thing is moderately wounded.
The white ugly thing barely misses you.
You closely miss the white ugly thing. Your kick misses the white ugly thing.
The white ugly thing is moderately wounded.
The white ugly thing barely misses you.
Your plate armour prevents you from hitting the white ugly thing.
You claw the white ugly thing, but do no damage.
The white ugly thing is moderately wounded.
The white ugly thing stings you. The white ugly thing freezes you!!!
You feel a terrible chill!
* * * LOW HITPOINT WARNING * * *
Some of the chunks of flesh in your inventory have rotted away.
Press: ? - help, Shift-Dir - straight line, f - white ugly thing
Aim: a white ugly thing (moderately wounded)
Okay, then.
You feel much better. The white ugly thing stings you!
* * * LOW HITPOINT WARNING * * *
The white ugly thing freezes you!!!
You feel a terrible chill!
Ouch! That really hurt!
You die...

##.# * #..# * #.##
#,* ##>#### ##.,
#.....# #..**
####.....# #.#
.........# #.#
.###.....# #u# ##
#...[.# #@# ####.##
#.# #..# #.# #.## #.#
##.# ##'####### #..#
####........#
##'######..'.†......#
#......##.##........#
#......##.##........#


You could see a white ugly thing.

Vanquished Creatures
  Pikel (D:7)
  Joseph (D:8)
  A hippogriff (D:8)
  2 wraiths
  A wyvern (D:8)
  Eustachio (D:4)
  A hungry ghost (D:7)
  Menkaure (D:4)
  Edmund (D:4)
  3 orc warriors
  A hornet zombie (D:8)
  2 sky beasts
  2 eyes of draining
  An ice beast (D:7)
  2 phantoms
  2 centaurs
  4 ogres
  A big kobold (D:7)
  3 bullfrogs
  A gnoll sergeant (D:8)
  3 scorpions
  6 howler monkeys
  5 crimson imps
  A bullfrog zombie (D:5)
  A centaur zombie (D:7)
  A hound (D:6)
  2 jellies
  4 orc priests
  2 bullfrog skeletons
  6 orc wizards
  3 iguanas
  2 worker ants
  2 killer bee zombies
  A mummy (Ossuary)
  3 gnolls (D:8)
  12 adders
  4 worms
  A dart slug (D:1)
  5 leopard geckos
  39 orcs
  A ball python (D:1)
  11 bats
  5 giant cockroaches
  11 goblins
  6 hobgoblins
  8 jackals
  15 kobolds
  3 quokkas
  4 frilled lizards
  A giant cockroach zombie (D:6)
  7 gnoll skeletons (Ossuary)
  A jackal skeleton (D:5)
  A jackal zombie (D:6)
  7 kobold skeletons (Ossuary)
  11 orc skeletons (Ossuary)
  5 rats
232 creatures vanquished.

Vanquished Creatures (others)
  A slave (D:7)
  An orc wizard (D:7)
  5 orcs (D:7)
7 creatures vanquished.

Grand Total: 239 creatures vanquished

Notes
Turn   | Place    | Note
-------+----------+-------------------------------------------
     0 | D:1      | ChaseSP the Deep Dwarf Fighter began the quest for the Orb.
     0 | D:1      | Reached XP level 1. HP: 20/20 MP: 1/1
   106 | D:1      | Reached skill level 3 in Axes
   106 | D:1      | Reached XP level 2. HP: 20/27 MP: 2/2
   577 | D:1      | Reached XP level 3. HP: 23/33 MP: 3/3
   694 | D:2      | Reached skill level 4 in Axes
   789 | D:2      | You fall through a shaft for 2 floors!
   799 | D:4      | Noticed Menkaure
   810 | D:4      | Killed Menkaure
   810 | D:4      | Reached skill level 5 in Axes
   810 | D:4      | Reached XP level 4. HP: 10/40 MP: 3/3
   810 | D:4      | Reached XP level 5. HP: 11/46 MP: 4/4
   821 | D:3      | Reached skill level 6 in Axes
   883 | D:2      | Found a runed door.
   975 | D:2      | Noticed Crazy Yiuf
   978 | D:2      | Noticed Crazy Yiuf
   978 | D:2      | Crazy Yiuf changed into Crazy Yiuf the worm
   981 | D:2      | Killed Crazy Yiuf the worm
  1581 | D:3      | Found a burning altar of Makhleb.
  1638 | D:3      | Became a worshipper of Makhleb the Destroyer
  1716 | D:3      | Found a stormy altar of Qazlal.
  1716 | D:3      | Found a shadowy altar of Dithmenos.
  1721 | D:3      | Found a deep blue altar of Sif Muna.
  1723 | D:3      | Found a white marble altar of Elyvilon.
  1725 | D:3      | Found a shimmering altar of Xom.
  1994 | D:3      | Reached skill level 7 in Axes
  1994 | D:3      | Reached XP level 6. HP: 29/55 MP: 5/5
  2059 | D:4      | Noticed Edmund
  2080 | D:4      | Killed Edmund
  2126 | D:4      | Noticed Eustachio
  2183 | D:4      | Killed Eustachio
  2183 | D:4      | Reached skill level 8 in Axes
  2183 | D:4      | Reached XP level 7. HP: 34/61 MP: 6/6
  2424 | D:4      | Reached * piety under Makhleb
  2424 | D:4      | Reached skill level 9 in Axes
  2703 | D:5      | Entered Level 5 of the Dungeon
  2947 | D:5      | Reached skill level 10 in Axes
  2951 | D:5      | Gained mutation: You have sharp toenails. [mutagenic meat]
  3027 | D:5      | Reached XP level 8. HP: 45/68 MP: 6/6
  4032 | D:6      | Reached skill level 11 in Axes
  4180 | D:6      | Found a stormy altar of Qazlal.
  4374 | D:6      | Reached ** piety under Makhleb
  4406 | D:6      | Found a staircase to the Ecumenical Temple.
  4639 | D:7      | Reached skill level 12 in Axes
  4642 | D:7      | Found a sand-covered staircase.
  4654 | Ossuary  | Entered an ossuary
  4742 | Ossuary  | Gained mutation: You passively map the area around you. [Deep Dwarf growth]
  4742 | Ossuary  | Reached XP level 9. HP: 51/74 MP: 7/7
  4825 | Ossuary  | Reached *** piety under Makhleb
  4827 | Ossuary  | Reached skill level 5 in Armour
  4971 | D:7      | Reached skill level 1 in Dodging
  5215 | D:7      | Paralysed by fainting for 8 turns
  5264 | D:7      | Noticed Pikel
  5282 | D:7      | Killed Pikel
  5301 | D:7      | Reached skill level 13 in Axes
  5416 | D:7      | Reached skill level 1 in Invocations
  5714 | D:8      | Noticed Joseph
  5743 | D:8      | Killed Joseph
  5875 | D:8      | Found an ancient bone altar of Kikubaaqudgha.
  5964 | D:8      | Reached XP level 10. HP: 73/84 MP: 10/10
  5972 | D:8      | Found a staircase to the Lair.
  6473 | D:8      | Reached **** piety under Makhleb
  6776 | D:9      | Reached skill level 14 in Axes
  6930 | D:9      | Found Ablom Eto's Distillery.
  6938 | D:9      | Bought a potion of heal wounds for 65 gold pieces
  6986 | D:9      | Reached skill level 5 in Invocations
  7056 | D:9      | Found Ceceimof's Distillery.
  7214 | D:9      | Noticed a white ugly thing
  7222 | D:9      | Annihilated by a white ugly thing

Skill      XL: |  1  2  3  4  5  6  7  8  9 10 |
---------------+-------------------------------+-----
Axes           | 3 5 7 8 10 12 13 14 | 14.1
Armour         | 4 5 |  5.0
Dodging        | 3 4 |  4.2
Invocations    | 3 5 |  5.1
Fighting       | 3 4 |  4.2
Crossbows      | |  0.2
Shields        | |  3.2

Action                   |  1- 3 |  4- 6 |  7- 9 | 10-12 || total
-------------------------+-------+-------+-------+-------++-------
Melee: War axe           |   119 |   204 |   494 |   130 ||   947
       Kick              |       |       |   140 |    61 ||   201
       Battleaxe         |       |       |       |    15 ||    15
 Fire: Hand crossbow     |       |       |     6 |       ||     6
 Abil: Heal Wounds       |     2 |     3 |     4 |     1 ||    10
Evoke: Wand              |       |     3 |       |       ||     3
  Use: Potion            |     1 |       |       |       ||     1
       Scroll            |       |     5 |     3 |     7 ||    15
  Eat: Chunk             |       |     5 |     9 |     5 ||    19
       Fruit             |       |       |     5 |       ||     5
       Bread ration      |       |       |     1 |       ||     1
       Royal jelly       |       |       |     1 |       ||     1
Armor: Scale mail        |    87 |       |       |       ||    87
       Plate armour      |     8 |       |    29 |    50 ||    87
       Chain mail        |       |   137 |   153 |       ||   290
Dodge: Dodged            |    47 |    37 |    49 |    19 ||   152
Block: Shield            |    96 |   122 |   264 |    66 ||   548
       Reflection        |       |       |     2 |       ||     2
       Other             |       |       |       |     2 ||     2
